 Dungeon Crawl Stone Soup version 0.17.1-3-g152610e (webtiles) character file.

175 Yevrel the Ducker (level 5, -9/53 HPs)
             Began as a Troll Fighter on Apr 5, 2016.
             Mangled by a worm (11 damage)
             ... on level 3 of the Dungeon.
             The game lasted 00:05:16 (2371 turns).

Yevrel the Ducker (Troll Fighter)                   Turns: 2371, Time: 00:05:17

Health: -9/53      AC:  5    Str: 25    XL:     5   Next: 29%
Magic:  4/4        EV:  8    Int:  4    God:
Gold:   150        SH:  9    Dex:  9    Spells: 0 memorised, 4 levels left

rFire  . . .     SeeInvis .     a - +0 flail
rCold  . . .     Clarity  .     b - +0 robe
rNeg   . . .     SustAt   .     c - +0 shield
rPois  .         Gourm    +     (helmet restricted)
rElec  .         Spirit   .     (no cloak)
rCorr  .         Warding  .     (gloves unavailable)
rMut   .         Stasis   .     (boots unavailable)
MR     .....                    (no amulet)
Stlth  +.........               (no ring)
                                (no ring)

@: not resistant to hostile enchantments, very unstealthy
A: unfitting armour, claws 3, fast metabolism 3, gourmand, regeneration 2,
shaggy fur 1, tough skin 2
a: no special abilities


You were on level 3 of the Dungeon.
You were very full.

You visited 1 branch of the dungeon, and saw 3 of its levels.

You collected 150 gold pieces.

Inventory:

Hand Weapons
 a - a +0 flail (weapon)
Missiles
 l - 8 javelins (quivered)
Armour
 b - a +0 robe (worn)
 c - a +0 shield (worn)
Jewellery
 r - an uncursed ring of ice {unknown}
Scrolls
 f - 3 scrolls of enchant weapon {unknown}
 j - 5 scrolls of identify {unknown}
 k - a scroll of fog {unknown}
 s - 2 scrolls of blinking {unknown}
 u - a scroll of teleportation {unknown}
Potions
 d - a potion of might
 g - a potion of flight {unknown}
 i - a potion of curing
 n - a potion of heal wounds {unknown}
 o - 2 potions of cancellation {unknown}
 p - a potion of resistance {unknown}
 q - a potion of invisibility {unknown}
 v - a potion of brilliance {unknown}
Comestibles
 e - 3 bread rations
 h - a meat ration
 m - a beef jerky


   Skills:
 + Level 3.0 Fighting
 + Level 2.7 Maces & Flails
 + Level 3.6 Dodging
 + Level 0.2 Stealth
 + Level 3.1 Shields


You had 4 spell levels left.
You didn't know any spells.

Dungeon Overview and Level Annotations

Branches:
Dungeon (3/15)

Altars:
Ru


Innate Abilities, Weirdness & Mutations

You are too large for most types of armour.
You have claws for hands.
Your metabolism is lightning-fast.
You like to eat raw meat.
You heal very quickly.
You are covered in fur (AC +1).
You have very tough skin (AC +2).


Message History

The orc wizard hits you but does no damage.
The worm barely misses you.
You hit the orc wizard but do no damage.
The orc wizard is heavily wounded.
The orc wizard hits you but does no damage.
The orc wizard barely misses you. You block the worm's attack.
You miss the orc wizard.
The orc wizard is heavily wounded.
The orc wizard hits you with a dagger of holy wrath.
* * * LOW HITPOINT WARNING * * *
You block the orc wizard's attack. The worm bites you.
* * * LOW HITPOINT WARNING * * *
You closely miss the orc wizard.
The orc wizard is heavily wounded.
The orc wizard hits you but does no damage.
The orc wizard points at you and mumbles some strange words.
The puff of frost hits you!
* * * LOW HITPOINT WARNING * * *
The worm bites you!
You die...

######## ######
.......###....# ########
..............# #......#
#.#.##..#.....# #......#
#.#.##..#....## #......#
........#.##.# #......#
........#.##.# #......##
.............#####........
...
................@wo.......
...
................o#........
..
................###........
# ..#.#...####.....#
........ # .........
###.####........# ###
.####..... #.##
#........####.. .. ..<...
##..# #.............. #P#.#
#.............( ##.##
+..............


You could see a worm, an orc priest and an orc wizard.

Vanquished Creatures
  Jessica (D:3)
  3 gnolls (D:2)
  4 adders
  2 oozes
  A worm (D:3)
  6 giant geckos
  2 orcs (D:3)
  3 giant cockroaches
  7 goblins
  8 hobgoblins
  3 jackals (D:2)
  2 quokkas (D:2)
  2 ball pythons
  9 bats
  2 giant newts (D:1)
  7 kobolds
  4 rats
66 creatures vanquished.

Notes
Turn   | Place    | Note
--------------------------------------------------------------
     0 | D:1      | Yevrel the Troll Fighter began the quest for the Orb.
     0 | D:1      | Reached XP level 1. HP: 22/22 MP: 0/0
   257 | D:1      | Reached XP level 2. HP: 29/29 MP: 1/1
   737 | D:1      | Reached XP level 3. HP: 36/36 MP: 2/2
  1440 | D:2      | Reached skill level 3 in Dodging
  1730 | D:2      | Reached XP level 4. HP: 44/44 MP: 3/3
  2056 | D:3      | Noticed Jessica
  2072 | D:3      | Killed Jessica
  2072 | D:3      | Reached XP level 5. HP: 46/52 MP: 4/4
  2343 | D:3      | Found a sacrificial altar of Ru.
  2371 | D:3      | HP: 2/53 [orc wizard/puff of frost (6)]
  2371 | D:3      | Mangled by a worm

Action                   |  1- 3 |  4- 6 || total
-------------------------+-------+-------++-------
Melee: Flail             |   112 |   133 ||   245
  Use: Potion            |     3 |       ||     3
  Eat: Chunk             |    15 |     7 ||    22
       Meat ration       |     1 |       ||     1
